Penguins vs Phantoms
Created - December 9, 2024 at 19:06
Goals
|
| Penguins |
2 |
3 |
1 |
6 |
| Phantoms |
0 |
3 |
0 |
3 |
|
Shots
|
| Penguins |
9 |
12 |
15 |
36 |
| Phantoms |
13 |
8 |
11 |
32 |
|
1st period
1. Penguins , Denis Malgin 12 (Matthew Boldy 11, Clayton Keller 21) at 3:17
2. Penguins , Jeff Malott 6 (Josh Ho-Sang 8, Matthew Finn 11) at 4:53
Penalties :
No Penalty
2nd period
3. Penguins , Matthew Boldy 14 (Dakota Mermis 14, Clayton Keller 22) at 2:52
4. Phantoms , David Kampf 8 (Matt Kiersted 2, Blake Heinrich 7) at 3:23
5. Penguins , Evan Rodrigues 3 (Marc Del Gaizo 8, Noah Dobson 4) at 4:52
6. Phantoms , Cristoval Nieves 7 (Rem Pitlick 13) at 5:27
7. Penguins , Valtteri Puustinen 2 (Sampo Ranta 2, Dmitry Voronkov 2) at 13:20
8. Phantoms , Rem Pitlick 7 (Cristoval Nieves 9) at 18:03
Penalties :
Valtteri Puustinen (Wil) for Tripping (Minor) at 11:04
3rd period
9. Penguins , Clayton Keller 6 (Denis Malgin 15) at 4:06
Penalties :
Denis Malgin (Wil) for Tripping (Minor) at 0:59, Dmitry Voronkov (Wil) for Roughing (Minor) at 12:01
Goalie Stats
Anthony Stolarz (Wil), 29 saves from 32 shots - (0.906), W, 8-6-0, 60:00 minutes
Zachary Fucale (Leh), 15 saves from 20 shots - (0.750), L, 6-9-3, 33:20 minutes
Kevin Lankinen (Leh), 15 saves from 16 shots - (0.938), 26:40 minutes
Players Stats for Penguins
Player Name G A P +/- PIM S H SB GA TA FO MP PP MP PK MP
------------------------------------------------------------------------------------
Artemi Kniazev 0 0 0 1 0 0 0 1 0 0 0/0 12:46 0:00 0:00
Bowen Byram 0 0 0 1 0 2 0 1 0 0 0/0 12:46 0:00 0:00
Clayton Keller 1 2 3 2 0 3 2 0 0 0 0/0 20:25 0:00 0:49
Dakota Mermis 0 1 1 1 0 0 0 0 0 1 0/0 26:37 0:00 2:48
Denis Malgin 1 1 2 2 2 5 3 0 1 1 11/27 21:31 0:00 1:56
Dmitry Voronkov 0 1 1 0 2 1 0 0 0 0 1/4 8:42 0:00 0:08
Evan Rodrigues 1 0 1 0 0 5 2 3 1 0 0/0 18:26 0:00 2:53
Jeff Malott 1 0 1 1 0 2 1 0 0 0 0/0 12:32 0:00 1:57
Jesper Boqvist 0 0 0 0 0 1 0 0 0 2 0/2 15:33 0:00 0:00
Jesperi Kotkaniemi 0 0 0 1 0 2 1 0 0 1 2/8 13:03 0:00 2:44
Josh Ho-Sang 0 1 1 1 0 4 0 0 0 0 0/0 10:18 0:00 0:00
Marc Del Gaizo 0 1 1 1 0 3 0 3 0 1 0/0 20:37 0:00 3:09
Matthew Boldy 1 1 2 2 0 2 1 0 1 0 1/2 19:36 0:00 0:00
Matthew Finn 0 1 1 1 0 0 1 3 0 1 0/0 26:37 0:00 2:48
Noah Dobson 0 1 1 1 0 0 0 3 0 2 0/0 20:37 0:00 3:09
Philipp Kurashev 0 0 0 0 0 2 2 0 0 0 4/14 16:58 0:00 1:09
Sampo Ranta 0 1 1 0 0 1 1 0 0 0 0/0 8:37 0:00 0:18
Valtteri Puustinen 1 0 1 0 2 3 1 0 0 0 0/0 8:19 0:00 0:00
Players Stats for Phantoms
Player Name G A P +/- PIM S H SB GA TA FO MP PP MP PK MP
------------------------------------------------------------------------------------
A.J. Greer 0 0 0 0 0 1 0 1 0 0 0/0 11:07 0:08 0:00
Andrey Pedan 0 0 0 -2 0 0 1 1 0 0 0/0 21:01 3:00 0:00
Blake Heinrich 0 1 1 -1 0 2 0 2 0 1 0/0 26:20 2:57 0:00
Brett Murray 0 0 0 -2 0 1 0 0 0 0 0/0 8:08 0:00 0:00
Cristoval Nieves 1 1 2 1 0 7 0 1 1 0 14/14 18:28 2:45 0:00
David Kampf 1 0 1 0 0 1 1 1 1 1 3/5 11:07 0:08 0:00
J.T. Brown 0 0 0 0 0 2 1 0 0 0 4/4 16:38 0:08 0:00
Joe Snively 0 0 0 -2 0 3 1 2 4 0 1/1 22:17 3:04 0:00
Laurent Dauphin 0 0 0 -2 0 3 0 0 0 0 2/4 8:08 0:00 0:00
Lucas Wallmarkk 0 0 0 -2 0 2 3 0 1 0 14/26 22:17 3:04 0:00
Matt Kiersted 0 1 1 0 0 1 1 1 0 0 0/0 12:39 0:00 0:00
Mikko Lehtonen 0 0 0 -1 0 1 1 1 1 0 0/0 26:20 2:57 0:00
Nick Sorensen 0 0 0 1 0 1 0 1 1 0 0/0 12:57 2:45 0:00
Oliver Wahlstrom 0 0 0 -2 0 0 0 0 0 0 0/1 8:08 0:00 0:00
Rem Pitlick 1 1 2 1 0 6 2 0 0 0 0/1 18:28 2:45 0:00
Riley Stillman 0 0 0 0 0 1 1 1 0 0 0/0 12:39 0:00 0:00
Rinat Valiev 0 0 0 -2 0 0 2 4 0 0 0/0 21:01 3:00 0:00
Sven Andrighetto 0 0 0 -2 0 0 2 2 0 1 0/1 22:17 3:04 0:00
3 Stars
1 - Clayton Keller (Wil)
2 - Matthew Boldy (Wil)
3 - Denis Malgin (Wil)
Power Play
Penguins - 0 on 0 Attempt(s) - 0.00%
Phantoms - 0 on 3 Attempt(s) - 0.00%
Penalty Kill
Penguins - 3 on 3 Attempt(s) - 100.00%
- Score 0 goal in Penalty Kill
Phantoms - 0 on 0 Attempt(s) - 0.00%
- Score 0 goal in Penalty Kill
Team Stat
Penguins - Hits : 15 - Faceoff Wins : 19 - Blocked Shots : 14 - Penalty Minutes : 6
Phantoms - Hits : 16 - Faceoff Wins : 38 - Blocked Shots : 18 - Penalty Minutes : 0
Official
Referees : Chris Lee and Justin St. Pierre
Linesman : Greg Devorski and Shandor Alphonso
Game Notes
Kevin Lankinen enters game at 13:20 of 2nd period
Finance
Level 1 -- Attendance: 1933 (96.65%) -- Ticket Income $135,310
Level 2 -- Attendance: 932 (93.20%) -- Ticket Income $37,280
Total Attendance: 2865 (95.50%)
Total Ticket Income: $172,590
Other Income: $8,630
Total Income: $181,220
Penguins
5 vs 5 Forward
Center Left Wing Right Wing Time % Phy DF OF
1 Denis Malgin Matthew Boldy Clayton Keller 40 1 2 2
2 Philipp Kurashev Evan Rodrigues Jesper Boqvist 30 1 2 2
3 Jesperi Kotkaniemi Jeff Malott Josh Ho-Sang 20 1 2 2
4 Dmitry Voronkov Sampo Ranta Valtteri Puustinen 10 1 2 2
5 vs 5 Defense
Defense Defense Time % Phy DF OF
1 Dakota Mermis Matthew Finn 40 1 2 2
2 Marc Del Gaizo Noah Dobson 30 1 2 2
3 Bowen Byram Artemi Kniazev 20 1 2 2
4 Dakota Mermis Matthew Finn 10 1 2 2
PowerPlay Forward
Center Left Wing Right Wing Time % Phy DF OF
1 Denis Malgin Matthew Boldy Clayton Keller 60 1 2 2
2 Philipp Kurashev Evan Rodrigues Jesper Boqvist 40 1 2 2
PowerPlay Defense
Defense Defense Time % Phy DF OF
1 Dakota Mermis Matthew Finn 60 1 2 2
2 Marc Del Gaizo Noah Dobson 40 1 2 2
Penalty Kill 4 Players Forward
Center Wing Time % Phy DF OF
1 Denis Malgin Evan Rodrigues 60 1 2 2
2 Clayton Keller Jesperi Kotkaniemi 40 1 2 2
Penalty Kill 4 Players Defense
Defense Defense Time % Phy DF OF
1 Dakota Mermis Matthew Finn 60 1 2 2
2 Marc Del Gaizo Noah Dobson 40 1 2 2
Penalty Kill - 3 Players Forward
Forward Time % Phy DF OF
1 Evan Rodrigues 60 1 2 2
2 Denis Malgin 40 1 2 2
Penalty Kill - 3 Players Defense
Defense Defense Time % Phy DF OF
1 Dakota Mermis Matthew Finn 60 1 2 2
2 Marc Del Gaizo Noah Dobson 40 1 2 2
4 vs 4 Forward
Center Wing Time % Phy DF OF
1 Denis Malgin Matthew Boldy 60 1 2 2
2 Philipp Kurashev Evan Rodrigues 40 1 2 2
4 vs 4 Defense
Defense Defense Time % Phy DF OF
1 Dakota Mermis Matthew Finn 60 1 2 2
2 Marc Del Gaizo Noah Dobson 40 1 2 2
Last Minutes Offensive
Center Left Wing Right Wing Defense Defense
Denis Malgin Matthew Boldy Clayton Keller Dakota Mermis Matthew Finn
Last Minutes Defensive
Center Left Wing Right Wing Defense Defense
Denis Malgin Evan Rodrigues Clayton Keller Dakota Mermis Matthew Finn
Goaltenders
Starting : Anthony Stolarz
Backup : Spencer Knight
Extra Forwards
Normal : Matthew Boldy, Philipp Kurashev, Jesperi Kotkaniemi - PP : Matthew Boldy, Philipp Kurashev - PK : Jesperi Kotkaniemi
Extra Defensemen
Normal : Dakota Mermis, Marc Del Gaizo, Bowen Byram - PP : Dakota Mermis - PK : Dakota Mermis, Marc Del Gaizo
Penalty Shots
Matthew Boldy, Denis Malgin, Clayton Keller, Evan Rodrigues, Philipp Kurashev
Custom OT Lines Forwards
Evan Rodrigues, Denis Malgin, Clayton Keller, Matthew Boldy, Philipp Kurashev, Jesper Boqvist, Jesperi Kotkaniemi, Jeff Malott, Josh Ho-Sang, Sampo Ranta
Custom OT Lines Defensemen
Dakota Mermis, Matthew Finn, Marc Del Gaizo, Noah Dobson, Bowen Byram
Scratches
Juuso Ikonen (Healthy), Kevin Stenlund (Healthy), Austin Strand (Healthy), Ryan MacInnis (Healthy), Sam Kurker (Healthy)
Adam Brooks (Healthy), Shawn Boudrias (Healthy), Ryan Johnson (Healthy), Nolan Foote (Healthy), Zachary Bouthillier (Healthy)
Phantoms
5 vs 5 Forward
Center Left Wing Right Wing Time % Phy DF OF
1 Lucas Wallmarkk Joe Snively Sven Andrighetto 42 0 2 3
2 Cristoval Nieves J.T. Brown Rem Pitlick 33 0 2 3
3 David Kampf Nick Sorensen A.J. Greer 20 0 3 2
4 Laurent Dauphin Brett Murray Oliver Wahlstrom 5 0 3 2
5 vs 5 Defense
Defense Defense Time % Phy DF OF
1 Blake Heinrich Mikko Lehtonen 45 0 2 3
2 Andrey Pedan Rinat Valiev 35 0 2 3
3 Riley Stillman Matt Kiersted 20 1 3 1
4 Riley Stillman Matt Kiersted 0 1 3 1
PowerPlay Forward
Center Left Wing Right Wing Time % Phy DF OF
1 Lucas Wallmarkk Joe Snively Sven Andrighetto 60 0 1 4
2 Cristoval Nieves Nick Sorensen Rem Pitlick 40 0 1 4
PowerPlay Defense
Defense Defense Time % Phy DF OF
1 Blake Heinrich Mikko Lehtonen 60 0 1 4
2 Andrey Pedan Rinat Valiev 40 0 1 4
Penalty Kill 4 Players Forward
Center Wing Time % Phy DF OF
1 Lucas Wallmarkk Sven Andrighetto 60 1 4 0
2 Cristoval Nieves J.T. Brown 40 1 4 0
Penalty Kill 4 Players Defense
Defense Defense Time % Phy DF OF
1 Blake Heinrich Rinat Valiev 60 1 4 0
2 Andrey Pedan Matt Kiersted 40 1 4 0
Penalty Kill - 3 Players Forward
Forward Time % Phy DF OF
1 Lucas Wallmarkk 60 1 4 0
2 J.T. Brown 40 1 4 0
Penalty Kill - 3 Players Defense
Defense Defense Time % Phy DF OF
1 Blake Heinrich Rinat Valiev 60 1 4 0
2 Andrey Pedan Matt Kiersted 40 1 4 0
4 vs 4 Forward
Center Wing Time % Phy DF OF
1 Lucas Wallmarkk Joe Snively 60 1 2 2
2 Cristoval Nieves Sven Andrighetto 40 1 2 2
4 vs 4 Defense
Defense Defense Time % Phy DF OF
1 Blake Heinrich Mikko Lehtonen 60 1 2 2
2 Andrey Pedan Rinat Valiev 40 1 2 2
Last Minutes Offensive
Center Left Wing Right Wing Defense Defense
Lucas Wallmarkk Joe Snively Sven Andrighetto Blake Heinrich Mikko Lehtonen
Last Minutes Defensive
Center Left Wing Right Wing Defense Defense
Lucas Wallmarkk J.T. Brown Sven Andrighetto Blake Heinrich Rinat Valiev
Goaltenders
Starting : Zachary Fucale
Backup : Kevin Lankinen
Extra Forwards
Normal : Joe Snively, J.T. Brown, Nick Sorensen - PP : Joe Snively, Rem Pitlick - PK : Rem Pitlick
Extra Defensemen
Normal : Blake Heinrich, Rinat Valiev, Andrey Pedan - PP : Mikko Lehtonen - PK : Blake Heinrich, Rinat Valiev
Penalty Shots
Joe Snively, Sven Andrighetto, Nick Sorensen, Lucas Wallmarkk, Rem Pitlick
Custom OT Lines Forwards
Sven Andrighetto, Joe Snively, Lucas Wallmarkk, J.T. Brown, Cristoval Nieves, Rem Pitlick, Nick Sorensen, David Kampf, Oliver Wahlstrom, A.J. Greer
Custom OT Lines Defensemen
Blake Heinrich, Mikko Lehtonen, Andrey Pedan, Rinat Valiev, Matt Kiersted
Scratches
Anthony Angello (Healthy), Benoit-Olivier Groulx (Healthy), Cooper Marody (Healthy), Ty Smith (Healthy), Morgan Klimchuk (Bruised Left Arm Injury)
Victor Berglund (Healthy), Fabian Zetterlund (Healthy), David Gustafsson (Healthy), Josiah Slavin (Healthy), Cam York (Healthy)
Kaedan Korczak (Healthy), Danil Zhuravlyov (Healthy), Alex Beaucage (Healthy), Arsen Khisamutdinov (Healthy), Jacob Ingham (Healthy)
Zachary Sawchenko (Healthy)
% Time on Ice - Penguins
Lines # - Real PCT - Wanted PCT - Time Play
Normal Forward
1 - 37% - 40% - 19:53
2 - 29% - 30% - 15:33
3 - 19% - 20% - 10:18
4 - 15% - 10% - 8:19
Normal Defense
1 - 39% - 40% - 21:09
2 - 32% - 30% - 17:28
3 - 24% - 20% - 12:46
4 - 5% - 10% - 2:40
PP Forward
1 - 0% - 60%
2 - 0% - 40%
PP Defense
1 - 0% - 60%
2 - 0% - 40%
PK Forward
1 - 86% - 60% - 5:08
2 - 14% - 40% - 0:49
PK Defense
1 - 47% - 60% - 2:48
2 - 53% - 40% - 3:09
PK3 Forward
1 - 0% - 60%
2 - 0% - 40%
PK3 Defense
1 - 0% - 60%
2 - 0% - 40%
44 Forward
1 - 0% - 60%
2 - 0% - 40%
44 Defense
1 - 0% - 60%
2 - 0% - 40%
Last Minute Offensive - 0:00
Last Minute Defensive - 0:00
Total
Forward - 60:00
Defense - 60:00
|
% Time on Ice - Phantoms
Lines # - Real PCT - Wanted PCT - Time Play
Normal Forward
1 - 36% - 42% - 19:43
2 - 29% - 33% - 15:43
3 - 19% - 20% - 10:29
4 - 15% - 5% - 8:08
Normal Defense
1 - 43% - 45% - 23:23
2 - 33% - 35% - 18:01
3 - 23% - 20% - 12:10
4 - 1% - 0% - 0:29
PP Forward
1 - 54% - 60% - 3:12
2 - 46% - 40% - 2:45
PP Defense
1 - 50% - 60% - 2:57
2 - 50% - 40% - 3:00
PK Forward
1 - 0% - 60%
2 - 0% - 40%
PK Defense
1 - 0% - 60%
2 - 0% - 40%
PK3 Forward
1 - 0% - 60%
2 - 0% - 40%
PK3 Defense
1 - 0% - 60%
2 - 0% - 40%
44 Forward
1 - 0% - 60%
2 - 0% - 40%
44 Defense
1 - 0% - 60%
2 - 0% - 40%
Last Minute Offensive - 0:00
Last Minute Defensive - 0:00
Total
Forward - 60:00
Defense - 60:00
|
Play-by-Play
1st period
0:01 of 1st period - Matthew Boldy wins face-off versus Sven Andrighetto in neutral zone.
0:25 of 1st period - Dakota Mermis is hit by Rem Pitlick and loses puck.
0:36 of 1st period - Snap shot by Rem Pitlick.
0:36 of 1st period - Shot Misses the Net.
0:46 of 1st period - Evan Rodrigues is hit by Rinat Valiev and loses puck.
0:53 of 1st period - Slapshot by Laurent Dauphin.
0:53 of 1st period - Stopped by Anthony Stolarz without a rebound.
0:54 of 1st period - David Kampf wins face-off versus Jesperi Kotkaniemi in Penguins zone.
1:05 of 1st period - Snap shot by Nick Sorensen.
1:05 of 1st period - Stopped by Anthony Stolarz without a rebound.
1:06 of 1st period - Denis Malgin wins face-off versus Lucas Wallmarkk in Penguins zone.
1:11 of 1st period - Snap shot by Clayton Keller.
1:11 of 1st period - Shot Misses the Net.
1:13 of 1st period - Slapshot by Bowen Byram.
1:13 of 1st period - Stopped by Zachary Fucale with a rebound.
1:15 of 1st period - Slapshot by Denis Malgin.
1:15 of 1st period - Stopped by Zachary Fucale without a rebound.
1:16 of 1st period - Lucas Wallmarkk wins face-off versus Denis Malgin in Phantoms zone.
1:31 of 1st period - Snap shot by Clayton Keller.
1:31 of 1st period - Shot Misses the Net.
1:33 of 1st period - Slapshot by Bowen Byram.
1:33 of 1st period - Stopped by Zachary Fucale with a rebound.
2:05 of 1st period - Wrist shot by Joe Snively.
2:05 of 1st period - Shot Blocked by Bowen Byram.
3:15 of 1st period - Snap shot by Matthew Boldy.
3:15 of 1st period - Stopped by Zachary Fucale with a rebound.
3:17 of 1st period - Slapshot by Denis Malgin.
3:17 of 1st period - Goal by Denis Malgin - Penguins : 1 - Phantoms : 0.
3:18 of 1st period - Cristoval Nieves wins face-off versus Jesperi Kotkaniemi in neutral zone.
3:54 of 1st period - Slapshot by Evan Rodrigues.
3:54 of 1st period - Stopped by Zachary Fucale without a rebound.
3:55 of 1st period - Cristoval Nieves wins face-off versus Dmitry Voronkov in Phantoms zone.
4:20 of 1st period - Evan Rodrigues is hit by Riley Stillman and loses puck.
4:53 of 1st period - Snap shot by Jeff Malott.
4:53 of 1st period - Goal by Jeff Malott - Penguins : 2 - Phantoms : 0.
4:54 of 1st period - Cristoval Nieves wins face-off versus Jesper Boqvist in neutral zone.
5:07 of 1st period - Snap shot by Rem Pitlick.
5:07 of 1st period - Stopped by Anthony Stolarz with a rebound.
5:19 of 1st period - Jeff Malott is hit by David Kampf and loses puck.
5:32 of 1st period - Wrist shot by Nick Sorensen.
5:32 of 1st period - Shot Misses the Net.
6:08 of 1st period - Wrist shot by Cristoval Nieves.
6:08 of 1st period - Stopped by Anthony Stolarz without a rebound.
6:09 of 1st period - Cristoval Nieves wins face-off versus Philipp Kurashev in Penguins zone.
6:10 of 1st period - Wrist shot by Rem Pitlick.
6:10 of 1st period - Stopped by Anthony Stolarz with a rebound.
6:48 of 1st period - Snap shot by Rem Pitlick.
6:48 of 1st period - Shot Blocked by Matthew Finn.
6:50 of 1st period - Slapshot by Riley Stillman.
6:50 of 1st period - Stopped by Anthony Stolarz with a rebound.
6:52 of 1st period - Slapshot by Riley Stillman.
6:52 of 1st period - Shot Blocked by Matthew Finn.
6:54 of 1st period - Snap shot by Rem Pitlick.
6:54 of 1st period - Shot Misses the Net.
6:56 of 1st period - Snap shot by Rem Pitlick.
6:56 of 1st period - Shot Misses the Net.
6:58 of 1st period - Snap shot by J.T. Brown.
6:58 of 1st period - Stopped by Anthony Stolarz with a rebound.
7:00 of 1st period - Snap shot by Cristoval Nieves.
7:00 of 1st period - Stopped by Anthony Stolarz without a rebound.
7:01 of 1st period - Philipp Kurashev wins face-off versus David Kampf in Penguins zone.
7:51 of 1st period - Mikko Lehtonen is hit by Valtteri Puustinen and loses puck.
8:29 of 1st period - Slapshot by Jeff Malott.
8:29 of 1st period - Shot Blocked by Riley Stillman.
8:47 of 1st period - Snap shot by Clayton Keller.
8:47 of 1st period - Stopped by Zachary Fucale with a rebound.
9:07 of 1st period - Andrey Pedan is hit by Sampo Ranta.
10:18 of 1st period - Lucas Wallmarkk is hit by Denis Malgin and loses puck.
10:27 of 1st period - Matthew Finn is hit by Lucas Wallmarkk and loses puck.
11:28 of 1st period - Wrist shot by Cristoval Nieves.
11:28 of 1st period - Stopped by Anthony Stolarz with a rebound.
11:46 of 1st period - Slapshot by Joe Snively.
11:46 of 1st period - Shot Misses the Net.
12:43 of 1st period - Snap shot by Sven Andrighetto.
12:43 of 1st period - Shot Blocked by Evan Rodrigues.
12:45 of 1st period - Slapshot by Blake Heinrich.
12:45 of 1st period - Stopped by Anthony Stolarz without a rebound.
12:46 of 1st period - Lucas Wallmarkk wins face-off versus Denis Malgin in Penguins zone.
13:35 of 1st period - Wrist shot by Oliver Wahlstrom.
13:35 of 1st period - Deflect By Laurent Dauphin.
13:35 of 1st period - Shot Misses the Net.
13:35 of 1st period - Puck is out of play.
13:36 of 1st period - Laurent Dauphin wins face-off versus Denis Malgin in Penguins zone.
13:37 of 1st period - Wrist shot by Brett Murray.
13:37 of 1st period - Shot Misses the Net.
13:44 of 1st period - Icing by Denis Malgin.
13:45 of 1st period - Denis Malgin wins face-off versus Lucas Wallmarkk in Penguins zone.
14:18 of 1st period - Snap shot by Evan Rodrigues.
14:18 of 1st period - Stopped by Zachary Fucale without a rebound.
14:19 of 1st period - Cristoval Nieves wins face-off versus Philipp Kurashev in Phantoms zone.
15:10 of 1st period - Wrist shot by Jeff Malott.
15:10 of 1st period - Deflect By Riley Stillman.
15:10 of 1st period - Shot Misses the Net.
15:10 of 1st period - Puck is out of play.
15:11 of 1st period - Cristoval Nieves wins face-off versus Jesperi Kotkaniemi in Phantoms zone.
15:20 of 1st period - Wrist shot by Rem Pitlick.
15:20 of 1st period - Deflect By J.T. Brown.
15:20 of 1st period - Shot Blocked by Noah Dobson.
15:20 of 1st period - Puck is out of play.
15:21 of 1st period - J.T. Brown wins face-off versus Denis Malgin in Penguins zone.
15:32 of 1st period - Wrist shot by Cristoval Nieves.
15:32 of 1st period - Shot Blocked by Marc Del Gaizo.
15:38 of 1st period - Snap shot by Cristoval Nieves.
15:38 of 1st period - Shot Misses the Net.
15:40 of 1st period - Snap shot by Blake Heinrich.
15:40 of 1st period - Shot Blocked by Marc Del Gaizo.
15:48 of 1st period - Snap shot by J.T. Brown.
15:48 of 1st period - Stopped by Anthony Stolarz with a rebound.
16:26 of 1st period - Wrist shot by Denis Malgin.
16:26 of 1st period - Shot Misses the Net.
16:42 of 1st period - Backhand shot by Cristoval Nieves.
16:42 of 1st period - Stopped by Anthony Stolarz without a rebound.
16:43 of 1st period - Lucas Wallmarkk wins face-off versus Jesper Boqvist in Penguins zone.
17:10 of 1st period - Andrey Pedan is hit by Jesperi Kotkaniemi and loses puck.
17:23 of 1st period - Wrist shot by Jeff Malott.
17:23 of 1st period - Shot Misses the Net.
17:32 of 1st period - Off-side.
17:33 of 1st period - Laurent Dauphin wins face-off versus Dmitry Voronkov in neutral zone.
17:59 of 1st period - Sven Andrighetto is hit by Philipp Kurashev and loses puck.
19:39 of 1st period - Snap shot by Laurent Dauphin.
19:39 of 1st period - Stopped by Anthony Stolarz with a rebound.
Goals for this period are 2 for Penguins vs 0 for Phantoms.
Shots for this period are 9 for Penguins vs 13 for Phantoms.
2nd period
0:01 of 2nd period - Denis Malgin wins face-off versus Lucas Wallmarkk in neutral zone.
0:18 of 2nd period - Matthew Boldy is hit by Lucas Wallmarkk and loses puck.
0:51 of 2nd period - Wrist shot by Jeff Malott.
0:51 of 2nd period - Shot Misses the Net.
0:53 of 2nd period - Snap shot by Josh Ho-Sang.
0:53 of 2nd period - Stopped by Zachary Fucale without a rebound.
0:54 of 2nd period - Jesperi Kotkaniemi wins face-off versus Lucas Wallmarkk in Phantoms zone.
1:21 of 2nd period - Blake Heinrich is hit by Clayton Keller.
1:47 of 2nd period - Snap shot by Philipp Kurashev.
1:47 of 2nd period - Shot Blocked by Nick Sorensen.
2:10 of 2nd period - Snap shot by Sampo Ranta.
2:10 of 2nd period - Shot Misses the Net.
2:12 of 2nd period - Snap shot by Valtteri Puustinen.
2:12 of 2nd period - Stopped by Zachary Fucale with a rebound.
2:14 of 2nd period - Snap shot by Sampo Ranta.
2:14 of 2nd period - Shot Misses the Net.
2:34 of 2nd period - Snap shot by Joe Snively.
2:34 of 2nd period - Stopped by Anthony Stolarz with a rebound.
2:46 of 2nd period - Snap shot by Clayton Keller.
2:46 of 2nd period - Shot Misses the Net.
2:48 of 2nd period - Wrist shot by Clayton Keller.
2:48 of 2nd period - Stopped by Zachary Fucale with a rebound.
2:50 of 2nd period - Slapshot by Dakota Mermis.
2:50 of 2nd period - Shot Blocked by Rinat Valiev.
2:52 of 2nd period - Snap shot by Matthew Boldy.
2:52 of 2nd period - Goal by Matthew Boldy - Penguins : 3 - Phantoms : 0.
2:53 of 2nd period - Denis Malgin wins face-off versus Lucas Wallmarkk in neutral zone.
3:19 of 2nd period - Snap shot by David Kampf.
3:19 of 2nd period - Shot Blocked by Matthew Finn.
3:21 of 2nd period - Slapshot by Matt Kiersted.
3:21 of 2nd period - Stopped by Anthony Stolarz with a rebound.
3:23 of 2nd period - Slapshot by David Kampf.
3:23 of 2nd period - Goal by David Kampf - Penguins : 3 - Phantoms : 1.
3:24 of 2nd period - Lucas Wallmarkk wins face-off versus Philipp Kurashev in neutral zone.
3:26 of 2nd period - Off-side.
3:27 of 2nd period - Lucas Wallmarkk wins face-off versus Philipp Kurashev in neutral zone.
3:38 of 2nd period - Snap shot by Philipp Kurashev.
3:38 of 2nd period - Stopped by Zachary Fucale with a rebound.
3:40 of 2nd period - Snap shot by Matthew Finn.
3:40 of 2nd period - Shot Misses the Net.
3:42 of 2nd period - Wrist shot by Philipp Kurashev.
3:42 of 2nd period - Shot Misses the Net.
4:24 of 2nd period - Wrist shot by Jeff Malott.
4:24 of 2nd period - Shot Misses the Net.
4:42 of 2nd period - Snap shot by Valtteri Puustinen.
4:42 of 2nd period - Stopped by Zachary Fucale without a rebound.
4:43 of 2nd period - Philipp Kurashev wins face-off versus Lucas Wallmarkk in Phantoms zone.
4:44 of 2nd period - Snap shot by Evan Rodrigues.
4:44 of 2nd period - Shot Misses the Net.
4:46 of 2nd period - Wrist shot by Noah Dobson.
4:46 of 2nd period - Shot Blocked by Andrey Pedan.
4:48 of 2nd period - Slapshot by Marc Del Gaizo.
4:48 of 2nd period - Shot Blocked by Rinat Valiev.
4:50 of 2nd period - Snap shot by Evan Rodrigues.
4:50 of 2nd period - Shot Misses the Net.
4:52 of 2nd period - Wrist shot by Evan Rodrigues.
4:52 of 2nd period - Goal by Evan Rodrigues - Penguins : 4 - Phantoms : 1.
4:53 of 2nd period - Denis Malgin wins face-off versus Lucas Wallmarkk in neutral zone.
5:27 of 2nd period - Snap shot by Cristoval Nieves.
5:27 of 2nd period - Goal by Cristoval Nieves - Penguins : 4 - Phantoms : 2.
5:28 of 2nd period - Lucas Wallmarkk wins face-off versus Denis Malgin in neutral zone.
5:30 of 2nd period - Off-side.
5:31 of 2nd period - Denis Malgin wins face-off versus Lucas Wallmarkk in neutral zone.
5:42 of 2nd period - Slapshot by Joe Snively.
5:42 of 2nd period - Shot Misses the Net.
6:20 of 2nd period - Slapshot by Jeff Malott.
6:20 of 2nd period - Shot Blocked by David Kampf.
6:54 of 2nd period - Snap shot by Sampo Ranta.
6:54 of 2nd period - Shot Blocked by Matt Kiersted.
7:30 of 2nd period - Jesper Boqvist is hit by Lucas Wallmarkk and loses puck.
7:57 of 2nd period - Wrist shot by Josh Ho-Sang.
7:57 of 2nd period - Stopped by Zachary Fucale with a rebound.
8:09 of 2nd period - Snap shot by Sampo Ranta.
8:09 of 2nd period - Shot Misses the Net.
9:13 of 2nd period - Icing by Marc Del Gaizo.
9:14 of 2nd period - David Kampf wins face-off versus Dmitry Voronkov in Penguins zone.
9:41 of 2nd period - Wrist shot by Denis Malgin.
9:41 of 2nd period - Shot Misses the Net.
9:43 of 2nd period - Snap shot by Matthew Finn.
9:43 of 2nd period - Shot Misses the Net.
9:56 of 2nd period - Icing by Sven Andrighetto.
9:57 of 2nd period - Cristoval Nieves wins face-off versus Philipp Kurashev in Phantoms zone.
10:22 of 2nd period - Matthew Boldy is hit by Joe Snively and loses puck.
10:33 of 2nd period - Wrist shot by Joe Snively.
10:33 of 2nd period - Stopped by Anthony Stolarz with a rebound.
10:53 of 2nd period - Snap shot by Josh Ho-Sang.
10:53 of 2nd period - Deflect By Jesperi Kotkaniemi.
10:53 of 2nd period - Stopped by Zachary Fucale with a rebound.
10:55 of 2nd period - Wrist shot by Jesperi Kotkaniemi.
10:55 of 2nd period - Shot Misses the Net.
11:04 of 2nd period - Minor Penalty to Valtteri Puustinen for Tripping.
11:05 of 2nd period - Denis Malgin wins face-off versus Lucas Wallmarkk in Penguins zone.
12:02 of 2nd period - Rem Pitlick is hit by Evan Rodrigues and loses puck.
13:04 of 2nd period - Penalty to Valtteri Puustinen is over, Valtteri Puustinen is back on ice.
13:16 of 2nd period - Snap shot by Sampo Ranta.
13:16 of 2nd period - Shot Blocked by Blake Heinrich.
13:18 of 2nd period - Backhand shot by Dmitry Voronkov.
13:18 of 2nd period - Stopped by Zachary Fucale with a rebound.
13:20 of 2nd period - Wrist shot by Sampo Ranta.
13:20 of 2nd period - Deflect By Valtteri Puustinen.
13:20 of 2nd period - Goal by Valtteri Puustinen - Penguins : 5 - Phantoms : 2.
13:20 of 2nd period - Kevin Lankinen enters game.
13:21 of 2nd period - Lucas Wallmarkk wins face-off versus Denis Malgin in neutral zone.
14:06 of 2nd period - Icing by Josh Ho-Sang.
14:07 of 2nd period - Dmitry Voronkov wins face-off versus David Kampf in Penguins zone.
14:34 of 2nd period - Snap shot by Matthew Boldy.
14:34 of 2nd period - Shot Blocked by Blake Heinrich.
15:00 of 2nd period - Slapshot by Laurent Dauphin.
15:00 of 2nd period - Shot Blocked by Noah Dobson.
15:43 of 2nd period - Snap shot by David Kampf.
15:43 of 2nd period - Shot Misses the Net.
15:45 of 2nd period - Slapshot by Riley Stillman.
15:45 of 2nd period - Shot Misses the Net.
16:08 of 2nd period - Off-side.
16:09 of 2nd period - Cristoval Nieves wins face-off versus Denis Malgin in neutral zone.
16:18 of 2nd period - Slapshot by Cristoval Nieves.
16:18 of 2nd period - Stopped by Anthony Stolarz without a rebound.
16:19 of 2nd period - Cristoval Nieves wins face-off versus Matthew Boldy in Penguins zone.
16:30 of 2nd period - Wrist shot by Rem Pitlick.
16:30 of 2nd period - Stopped by Anthony Stolarz with a rebound.
16:32 of 2nd period - Snap shot by Mikko Lehtonen.
16:32 of 2nd period - Deflect By Cristoval Nieves.
16:32 of 2nd period - Shot Misses the Net.
16:32 of 2nd period - Puck is out of play.
16:33 of 2nd period - Lucas Wallmarkk wins face-off versus Philipp Kurashev in Penguins zone.
17:19 of 2nd period - Rinat Valiev is hit by Jeff Malott and loses puck.
17:56 of 2nd period - Sampo Ranta is hit by Rinat Valiev and loses puck.
18:03 of 2nd period - Wrist shot by Rem Pitlick.
18:03 of 2nd period - Goal by Rem Pitlick - Penguins : 5 - Phantoms : 3.
18:04 of 2nd period - Cristoval Nieves wins face-off versus Denis Malgin in neutral zone.
18:36 of 2nd period - Snap shot by Philipp Kurashev.
18:36 of 2nd period - Shot Blocked by A.J. Greer.
19:18 of 2nd period - Slapshot by Jesperi Kotkaniemi.
19:18 of 2nd period - Shot Misses the Net.
19:20 of 2nd period - Snap shot by Jeff Malott.
19:20 of 2nd period - Stopped by Kevin Lankinen without a rebound.
19:21 of 2nd period - Lucas Wallmarkk wins face-off versus Denis Malgin in Phantoms zone.
19:25 of 2nd period - Icing by Blake Heinrich.
19:26 of 2nd period - Lucas Wallmarkk wins face-off versus Denis Malgin in Phantoms zone.
Goals for this period are 3 for Penguins vs 3 for Phantoms.
Shots for this period are 12 for Penguins vs 8 for Phantoms.
3rd period
0:01 of 3rd period - Denis Malgin wins face-off versus Lucas Wallmarkk in neutral zone.
0:36 of 3rd period - Snap shot by Evan Rodrigues.
0:36 of 3rd period - Deflect By Philipp Kurashev.
0:36 of 3rd period - Stopped by Kevin Lankinen without a rebound.
0:37 of 3rd period - Cristoval Nieves wins face-off versus Denis Malgin in Phantoms zone.
0:37 of 3rd period - Cristoval Nieves is hit by Denis Malgin.
0:59 of 3rd period - Minor Penalty to Denis Malgin for Tripping.
1:00 of 3rd period - Lucas Wallmarkk wins face-off versus Jesperi Kotkaniemi in Penguins zone.
2:59 of 3rd period - Penalty to Denis Malgin is over, Denis Malgin is back on ice.
3:05 of 3rd period - Backhand shot by Laurent Dauphin.
3:05 of 3rd period - Shot Hit the Post.
3:07 of 3rd period - Snap shot by Rinat Valiev.
3:07 of 3rd period - Shot Misses the Net.
3:09 of 3rd period - Slapshot by Andrey Pedan.
3:09 of 3rd period - Shot Blocked by Artemi Kniazev.
3:13 of 3rd period - Wrist shot by Brett Murray.
3:13 of 3rd period - Stopped by Anthony Stolarz with a rebound.
3:15 of 3rd period - Snap shot by Oliver Wahlstrom.
3:15 of 3rd period - Shot Misses the Net.
3:42 of 3rd period - Evan Rodrigues is hit by Matt Kiersted and loses puck.
4:00 of 3rd period - Off-side.
4:01 of 3rd period - Denis Malgin wins face-off versus Oliver Wahlstrom in neutral zone.
4:06 of 3rd period - Wrist shot by Clayton Keller.
4:06 of 3rd period - Goal by Clayton Keller - Penguins : 6 - Phantoms : 3.
4:07 of 3rd period - Joe Snively wins face-off versus Denis Malgin in neutral zone.
4:10 of 3rd period - Slapshot by Blake Heinrich.
4:10 of 3rd period - Shot Misses the Net.
4:18 of 3rd period - Snap shot by Dakota Mermis.
4:18 of 3rd period - Shot Blocked by Sven Andrighetto.
4:20 of 3rd period - Wrist shot by Denis Malgin.
4:20 of 3rd period - Stopped by Kevin Lankinen with a rebound.
4:22 of 3rd period - Snap shot by Matthew Boldy.
4:22 of 3rd period - Shot Misses the Net.
4:32 of 3rd period - Matthew Finn is hit by Rem Pitlick and loses puck.
4:37 of 3rd period - Snap shot by Rem Pitlick.
4:37 of 3rd period - Shot Misses the Net.
4:39 of 3rd period - Snap shot by Cristoval Nieves.
4:39 of 3rd period - Shot Misses the Net.
4:55 of 3rd period - Snap shot by David Kampf.
4:55 of 3rd period - Shot Hit the Post.
4:57 of 3rd period - Snap shot by Nick Sorensen.
4:57 of 3rd period - Shot Hit the Post.
5:01 of 3rd period - Wrist shot by A.J. Greer.
5:01 of 3rd period - Stopped by Anthony Stolarz with a rebound.
5:03 of 3rd period - Backhand shot by Nick Sorensen.
5:03 of 3rd period - Shot Misses the Net.
5:10 of 3rd period - Icing by Valtteri Puustinen.
5:11 of 3rd period - Jesperi Kotkaniemi wins face-off versus Laurent Dauphin in Penguins zone.
5:19 of 3rd period - Slapshot by Josh Ho-Sang.
5:19 of 3rd period - Shot Blocked by Mikko Lehtonen.
5:23 of 3rd period - Wrist shot by Jeff Malott.
5:23 of 3rd period - Shot Misses the Net.
5:25 of 3rd period - Slapshot by Dakota Mermis.
5:25 of 3rd period - Deflect By Josh Ho-Sang.
5:25 of 3rd period - Stopped by Kevin Lankinen with a rebound.
5:27 of 3rd period - Slapshot by Jesperi Kotkaniemi.
5:27 of 3rd period - Stopped by Kevin Lankinen with a rebound.
5:42 of 3rd period - Snap shot by Clayton Keller.
5:42 of 3rd period - Shot Blocked by Joe Snively.
5:44 of 3rd period - Slapshot by Marc Del Gaizo.
5:44 of 3rd period - Stopped by Kevin Lankinen with a rebound.
5:46 of 3rd period - Snap shot by Denis Malgin.
5:46 of 3rd period - Stopped by Kevin Lankinen without a rebound.
5:47 of 3rd period - Cristoval Nieves wins face-off versus Philipp Kurashev in Phantoms zone.
5:52 of 3rd period - Wrist shot by Rem Pitlick.
5:52 of 3rd period - Stopped by Anthony Stolarz with a rebound.
5:54 of 3rd period - Slapshot by Andrey Pedan.
5:54 of 3rd period - Shot Blocked by Noah Dobson.
5:56 of 3rd period - Slapshot by Rinat Valiev.
5:56 of 3rd period - Shot Blocked by Evan Rodrigues.
6:21 of 3rd period - Snap shot by Philipp Kurashev.
6:21 of 3rd period - Shot Blocked by Rinat Valiev.
6:25 of 3rd period - Snap shot by Evan Rodrigues.
6:25 of 3rd period - Stopped by Kevin Lankinen with a rebound.
6:27 of 3rd period - Snap shot by Philipp Kurashev.
6:27 of 3rd period - Shot Misses the Net.
6:29 of 3rd period - Slapshot by Artemi Kniazev.
6:29 of 3rd period - Deflect By Evan Rodrigues.
6:29 of 3rd period - Shot Blocked by Rinat Valiev.
6:29 of 3rd period - Puck is out of play.
6:30 of 3rd period - Denis Malgin wins face-off versus Lucas Wallmarkk in Phantoms zone.
6:49 of 3rd period - Mikko Lehtonen is hit by Denis Malgin and loses puck.
7:19 of 3rd period - Snap shot by Lucas Wallmarkk.
7:19 of 3rd period - Shot Misses the Net.
7:21 of 3rd period - Slapshot by Blake Heinrich.
7:21 of 3rd period - Stopped by Anthony Stolarz without a rebound.
7:22 of 3rd period - Philipp Kurashev wins face-off versus Rem Pitlick in Penguins zone.
7:22 of 3rd period - Philipp Kurashev is hit by J.T. Brown.
7:51 of 3rd period - Snap shot by Evan Rodrigues.
7:51 of 3rd period - Shot Misses the Net.
7:59 of 3rd period - Laurent Dauphin is hit by Philipp Kurashev and loses puck.
8:13 of 3rd period - Off-side.
8:14 of 3rd period - Cristoval Nieves wins face-off versus Jesperi Kotkaniemi in neutral zone.
8:23 of 3rd period - Wrist shot by Noah Dobson.
8:23 of 3rd period - Shot Blocked by Cristoval Nieves.
8:25 of 3rd period - Wrist shot by Jeff Malott.
8:25 of 3rd period - Shot Misses the Net.
8:27 of 3rd period - Snap shot by Jeff Malott.
8:27 of 3rd period - Shot Misses the Net.
8:29 of 3rd period - Snap shot by Josh Ho-Sang.
8:29 of 3rd period - Stopped by Kevin Lankinen with a rebound.
9:19 of 3rd period - Icing by Blake Heinrich.
9:20 of 3rd period - David Kampf wins face-off versus Jesperi Kotkaniemi in Phantoms zone.
9:36 of 3rd period - Wrist shot by Lucas Wallmarkk.
9:36 of 3rd period - Stopped by Anthony Stolarz without a rebound.
9:37 of 3rd period - Cristoval Nieves wins face-off versus Denis Malgin in Penguins zone.
9:52 of 3rd period - Snap shot by Cristoval Nieves.
9:52 of 3rd period - Stopped by Anthony Stolarz with a rebound.
10:08 of 3rd period - Snap shot by Evan Rodrigues.
10:08 of 3rd period - Shot Blocked by Sven Andrighetto.
10:10 of 3rd period - Slapshot by Jesper Boqvist.
10:10 of 3rd period - Stopped by Kevin Lankinen without a rebound.
10:11 of 3rd period - Philipp Kurashev wins face-off versus Lucas Wallmarkk in Phantoms zone.
10:22 of 3rd period - Sven Andrighetto is hit by Evan Rodrigues and loses puck.
10:43 of 3rd period - Wrist shot by Philipp Kurashev.
10:43 of 3rd period - Deflect By Evan Rodrigues.
10:43 of 3rd period - Stopped by Kevin Lankinen with a rebound.
11:04 of 3rd period - Slapshot by Joe Snively.
11:04 of 3rd period - Shot Misses the Net.
11:06 of 3rd period - Snap shot by Matt Kiersted.
11:06 of 3rd period - Shot Misses the Net.
11:08 of 3rd period - Snap shot by Joe Snively.
11:08 of 3rd period - Stopped by Anthony Stolarz without a rebound.
11:09 of 3rd period - J.T. Brown wins face-off versus Denis Malgin in Penguins zone.
11:34 of 3rd period - David Kampf is hit by Matthew Finn and loses puck.
12:01 of 3rd period - Minor Penalty to Dmitry Voronkov for Roughing.
12:02 of 3rd period - Lucas Wallmarkk wins face-off versus Denis Malgin in Penguins zone.
12:03 of 3rd period - Wrist shot by Joe Snively.
12:03 of 3rd period - Shot Misses the Net.
12:05 of 3rd period - Snap shot by Lucas Wallmarkk.
12:05 of 3rd period - Shot Misses the Net.
12:07 of 3rd period - Snap shot by Lucas Wallmarkk.
12:07 of 3rd period - Shot Misses the Net.
12:09 of 3rd period - Slapshot by Blake Heinrich.
12:09 of 3rd period - Shot Blocked by Evan Rodrigues.
12:13 of 3rd period - Slapshot by Lucas Wallmarkk.
12:13 of 3rd period - Shot Blocked by Marc Del Gaizo.
12:15 of 3rd period - Slapshot by Mikko Lehtonen.
12:15 of 3rd period - Stopped by Anthony Stolarz with a rebound.
14:01 of 3rd period - Penalty to Dmitry Voronkov is over, Dmitry Voronkov is back on ice.
14:24 of 3rd period - Wrist shot by Marc Del Gaizo.
14:24 of 3rd period - Stopped by Kevin Lankinen with a rebound.
14:26 of 3rd period - Snap shot by Sampo Ranta.
14:26 of 3rd period - Stopped by Kevin Lankinen with a rebound.
15:22 of 3rd period - Philipp Kurashev is hit by Sven Andrighetto and loses puck.
16:30 of 3rd period - Bowen Byram is hit by Andrey Pedan and loses puck.
16:40 of 3rd period - Icing by Laurent Dauphin.
16:41 of 3rd period - Denis Malgin wins face-off versus Laurent Dauphin in Phantoms zone.
16:44 of 3rd period - Snap shot by Denis Malgin.
16:44 of 3rd period - Stopped by Kevin Lankinen with a rebound.
16:54 of 3rd period - Wrist shot by Laurent Dauphin.
16:54 of 3rd period - Stopped by Anthony Stolarz without a rebound.
16:55 of 3rd period - Lucas Wallmarkk wins face-off versus Philipp Kurashev in Penguins zone.
17:28 of 3rd period - Snap shot by Rem Pitlick.
17:28 of 3rd period - Stopped by Anthony Stolarz without a rebound.
17:29 of 3rd period - J.T. Brown wins face-off versus Philipp Kurashev in Penguins zone.
17:54 of 3rd period - Dakota Mermis is hit by Sven Andrighetto and loses puck.
19:00 of 3rd period - Noah Dobson is hit by Mikko Lehtonen and loses puck.
19:07 of 3rd period - Slapshot by Sampo Ranta.
19:07 of 3rd period - Shot Misses the Net.
19:09 of 3rd period - Slapshot by Marc Del Gaizo.
19:09 of 3rd period - Stopped by Kevin Lankinen without a rebound.
19:10 of 3rd period - Lucas Wallmarkk wins face-off versus Denis Malgin in Phantoms zone.
19:10 of 3rd period - Lucas Wallmarkk is hit by Matthew Boldy.
19:24 of 3rd period - Snap shot by Lucas Wallmarkk.
19:24 of 3rd period - Stopped by Anthony Stolarz without a rebound.
19:25 of 3rd period - J.T. Brown wins face-off versus Philipp Kurashev in Penguins zone.
19:52 of 3rd period - Mikko Lehtonen is hit by Clayton Keller and loses puck.
19:59 of 3rd period - Slapshot by Clayton Keller.
19:59 of 3rd period - Shot Blocked by Joe Snively.
Goals for this period are 1 for Penguins vs 0 for Phantoms.
Shots for this period are 15 for Penguins vs 11 for Phantoms.